 Dungeon Crawl Stone Soup version 0.31.0-11-ge490571c62 (webtiles) character file.

Game seed: 3816364037305358999

77 qw the Shooter (level 4, 0/25 HPs)
             Began as a Deep Elf Hunter on Feb 3, 2024.
             Slain by a gnoll
             ... wielding a +0 whip
              (5 damage)
             ... on level 2 of the Dungeon.
             The game lasted 00:00:04 (1344 turns).

qw the Shooter (Deep Elf Hunter)                    Turns: 1344, Time: 00:00:05

Health: 0/25       AC:  3    Str: 10    XL:     4   Next: 14%
Magic:  6/6        EV: 12    Int: 14    God:
Gold:   112        SH:  0    Dex: 18    Spells: 3/3 levels left

rFire   . . .        a - +0 shortbow
rCold   . . .        (shield currently unavailable)
rNeg    . . .        c - +0 leather armour
rPois   .            (no helmet)
rElec   .            (no cloak)
rCorr   .            (no gloves)
SInv    .            (no boots)
Will    .....        (no amulet)
Stlth   ++           (no ring)
HPRegen 0.24/turn    (no ring)
MPRegen 0.10/turn

%: no passive effects
@: no status effects
A: no striking features
a: no special abilities


You were on level 2 of the Dungeon.
You visited 1 branch of the dungeon, and saw 3 of its levels.

You collected 112 gold pieces.


   Skills:
 - Level 1.5 Fighting
 + Level 7.5 Ranged Weapons
 - Level 2.4 Dodging
 - Level 1.2 Stealth


You had 3 spell levels left.
You didn't know any spells.
Your spell library was empty.

Inventory:

Hand Weapons
 a - a +0 shortbow (weapon)
Armour
 c - a +0 leather armour (worn)
Potions
 e - a potion of might
 g - a potion of haste
 i - a potion of enlightenment {unknown}
 j - a potion of curing {unknown}

Dungeon Overview and Level Annotations

Branches:
Dungeon (3/15)

Altars:


Message History

Waypoint 2 assigned to D:3.
You shoot an arrow. The arrow barely misses the goblin.
The gnoll shouts!
A quokka comes into view.
You shoot an arrow.
The arrow hits the gnoll but does no damage.
1332 ||| STAIRDANCE The goblin hits you but does no damage.
You climb upwards.
There is a stone staircase leading down here.
You shoot an arrow. The arrow closely misses the goblin.
The goblin hits you with a +0 club.
You shoot an arrow. The arrow hits the goblin!
You kill the goblin!
You start resting.
You feel a little less mighty now.
HP restored.
You climb downwards.
The quokka barely misses you. The gnoll hits you with a +0 whip.
The hobgoblin closely misses you. The gnoll closely misses you.
There is a stone staircase leading up, spattered with blood here.
1340 ||| STAIRDANCE The quokka misses you.
The gnoll barely misses you. The hobgoblin barely misses you.
The gnoll closely misses you. The quokka barely misses you.
You climb upwards.
There is a stone staircase leading down here.
You shoot an arrow. The arrow hits the gnoll.
The gnoll is moderately wounded.
The hobgoblin hits you but does no damage.
The gnoll hits you with a +0 whip! The quokka bites you.
You shoot an arrow. The arrow hits the gnoll.
The gnoll is heavily wounded.
The hobgoblin hits you. The gnoll hits you with a +0 whip.
The quokka closely misses you.
You shoot an arrow.
The arrow hits the gnoll but does no damage.
The gnoll is heavily wounded.
The hobgoblin hits you. The gnoll hits you with a +0 whip.
You die...

# #....#..#.............#
#.####..#.....#.####.## #.#
#..#.....#.# #<#
#.####..#.....#.# #.#
#######.......#.....#.####.#
#............##..........#.####
#.#####..........####.##.#....#
#.# #.#......g......##.####.#
#.# #.#.######@#######.####.#
#.# #.#.# #gr............# #.#
#.#.# #########.###### #.#
#.#.############...# #.#
#.#................# #.#
#.#####.############ ..#
#.......# #############.#
..............#


You could see a gnoll, a quokka and a hobgoblin.

Vanquished Creatures
  Jessica (D:2)
  2 adders (D:2)
  A ribbon worm (D:2)
  4 ball pythons
  2 endoplasms
  2 giant cockroaches
  5 goblins
  7 hobgoblins
  2 quokkas
  A bat (D:1)
  2 frilled lizards (D:1)
  A kobold (D:1)
  A rat (D:1)
31 creatures vanquished.

Notes
Turn   | Place    | Note
-------+----------+-------------------------------------------
     0 | D:1      | qw the Deep Elf Hunter began the quest for the Orb.
     0 | D:1      | Reached XP level 1. HP: 12/12 MP: 3/3
     0 | D:1      | 0 ||| qw: Version: 0.3-a-155-g5e7d8dd
     0 | D:1      | 0 ||| qw: Game counter: 3197
     0 | D:1      | 0 ||| qw: Melee chars always use a shield: true
     0 | D:1      | 0 ||| qw: God list: Okawaru
     0 | D:1      | 0 ||| qw: Allow faded altars: false
     0 | D:1      | 0 ||| qw: Do Orc after clearing Dungeon:15 true
     0 | D:1      | 0 ||| qw: Do second Lair branch before Depths: true
     0 | D:1      | 0 ||| qw: Lair rune preference: random
     0 | D:1      | 0 ||| qw: Goals: Normal
     0 | D:1      | 0 ||| PLANNING D:1-11
   167 | D:1      | Reached XP level 2. HP: 16/16 MP: 4/4
   181 | D:1      | Reached skill level 6 in Ranged Weapons
   423 | D:1      | 423 ||| READING scroll labelled CEB LOUSISYSI.
   424 | D:1      | 424 ||| READING scroll labelled MESAIMPOC HEGO.
   525 | D:1      | 525 ||| DRINKING 2 fuming orange potions.
   526 | D:1      | 526 ||| DROPPING scroll of butterflies.
   618 | D:2      | Noticed Jessica
   622 | D:2      | Killed Jessica
   623 | D:2      | Reached XP level 3. HP: 20/20 MP: 5/5
   633 | D:2      | Reached skill level 7 in Ranged Weapons
   735 | D:2      | Found a faded altar of an unknown god.
   884 | D:2      | Reached XP level 4. HP: 25/25 MP: 6/6
  1288 | D:2      | 1288 ||| READING scroll labelled AGRASIRYUJU.
  1289 | D:2      | 1289 ||| READING scroll labelled KARRUTE IVEL.
  1289 | D:2      | 1289 ||| IDENTIFYING glowing puce potion
  1290 | D:2      | 1290 ||| DRINKING 2 sedimented puce potions.
  1291 | D:2      | 1291 ||| DROPPING potion of magic.
  1332 | D:3      | 1332 ||| STAIRDANCE
  1340 | D:3      | 1340 ||| STAIRDANCE
  1344 | D:2      | HP: 5/25 [hobgoblin (4)]
  1344 | D:2      | Slain by a gnoll

Levels and vault maps discovered:
D:1:      minmay_arrival_stone_box, layout_rooms, kennysheep_pointless_box
D:2:      layout_basic, dreamdust_ecumenical_altar_angels_and_demons,
          uniq_jessica
D:3:      layout_rooms, nicolae_eternal_life, kennysheep_generic_room_10

Skill      XL: |  1  2  3 |
---------------+----------+-----
Ranged Weapons | 6 7 |  7.5
Fighting       | |  1.5
Dodging        | |  2.4
Stealth        | |  1.2

Action                     |  1- 3 |  4- 6 || total
---------------------------+-------+-------++-------
   Fire: Shortbow          |    86 |     9 ||    95
    Use: Scroll            |     2 |     2 ||     4
         Potion            |     1 |     1 ||     2
 Armour: Leather armour    |     9 |    10 ||    19
  Dodge: Dodged            |    10 |     9 ||    19

Table legend:
 A = Non-vault XP
 B = Vault XP
 C = Vault XP percentage of total XP
 D = Non-vault monster count
 E = Vault monster count
 F = Vault count percentage of total count
                 A         B        C        D         E       F
            +---------+---------+-------+---------+---------+-------
      Total |      74 |      37 |  33.3 |      30 |       1 |   3.2
            +---------+---------+-------+---------+---------+-------
        D:1 |      23 |       0 |   0.0 |      15 |       0 |   0.0
        D:2 |      51 |      37 |  42.0 |      15 |       1 |   6.2
            +---------+---------+-------+---------+---------+-------
